Map: Dusk Towers

Players

Miltreta

  • Race: Terran Terran
  • League: Bronze

Sebín - Winner!

  • Race: Terran Terran
  • League: Silver

VOD

Have the link to the VOD?

Description

Time

  • Played on: March 10, 2016, 4:25 p.m.
  • Length: 20:23
Show
View Real Time Build Order
Export as new Build Order

Miltreta Terran 

Build Orders:  

Get SALT Encoding   

  12  0:01  SCV  
  13  0:15  SCV  
  14  0:23  Supply Depot  
  14  0:31  SCV  
  14  0:34  Supply Depot  
  15  0:45  Barracks  
  16  0:50  SCV  
  16  0:55  Refinery  
  16  1:02  SCV  
  17  1:16  SCV  
  18  1:28  SCV  
  19  1:35  Barracks Tech Lab  
  19  1:42  SCV  
  20  1:47  Refinery  
  20  1:52  Barracks  
  20  1:54  Orbital Command  
  20  2:01  Marine  
  21  2:08  Combat Shields  
  21  2:19  Marine  
  21  2:20  SCV  
  23  2:35  SCV  
  24  2:49  Command Center  
  24  2:50  Reaper x2  
  26  2:56  SCV  
  27  3:24  Factory  
  27  3:30  Engineering Bay  
  27  3:32  SCV  
  28  3:35  Engineering Bay  
  28  3:40  Reaper  
  30  3:43  Barracks Reactor  
  29  3:54  Barracks  
  29  4:00  Factory  
  29  4:08  SCV  
  30  4:25  Terran Infantry Armor Level 1, Terran Infantry Weapons Level 1  
  30  4:28  Marine x2  
  30  4:29  Marine  
  33  4:33  Widow Mine  
  35  4:43  Factory Tech Lab  
  35  4:47  Barracks Tech Lab, Marauder  
  30  5:02  Widow Mine  
  32  5:09  Marauder  
  32  5:12  Missile Turret  
  34  5:16  Missile Turret  
  34  5:22  SCV  
  34  5:28  Missile Turret  
  35  5:34  Missile Turret  
  35  5:36  Marauder x2  
  39  5:50  Factory Reactor  
  39  6:01  Supply Depot  
  39  6:02  Supply Depot  
  39  6:05  Orbital Command  
  39  6:34  Marauder  
  39  6:35  Marauder  
  43  6:44  SCV  
  44  6:56  Marauder  
  44  6:57  SCV  
  47  7:09  SCV  
  47  7:11  Missile Turret  
  48  7:20  Missile Turret  
  48  7:26  Missile Turret  
  48  7:37  Marine  
  48  7:38  Marine  
  48  7:39  Marine  
  48  7:40  Marine  
  52  7:46  Siege Tank  
  52  7:49  Hellion x2  
  52  8:18  Siege Tank  
  42  8:38  Widow Mine x2  
  46  8:41  Marauder  
  46  8:42  Marauder  
  46  8:45  Reaper  
  46  8:46  Reaper  
  52  8:50  Cyclone  
  51  9:03  Marauder x2  
  55  9:10  Command Center, SCV x2  
  57  9:22  SCV x2  
  59  9:28  Armory  
  59  9:32  Armory  
  52  10:22  Marine x2  
  52  10:23  Marine  
  52  10:24  Marauder  
  52  10:28  Thor  
  61  10:40  Marine x2  
  61  10:41  Marauder  
  65  10:45  Marauder  
  67  10:58  Marine  
  67  11:03  Marauder  
  54  11:55  Marine  
  54  11:56  Marine  
  54  11:57  Marauder x2  
  60  12:46  Marine x4  
  64  12:55  Terran Infantry Weapons Level 2  
  64  12:56  Terran Infantry Armor Level 2  
  64  12:58  Terran Vehicle Weapons Level 1  
  64  12:59  Terran Vehicle And Ship Armor Level 1  
  64  13:03  Marine, Widow Mine x2  
  64  13:04  Marine  
  64  13:05  Widow Mine  
  45  13:56  Marine x2  
  45  13:57  Marine  
  45  13:58  Marine  
  46  14:16  Starport, Marauder  
  44  14:59  Marine x2  
  40  15:00  Marine  
  40  15:02  Marauder  
  40  15:06  Thor  
  50  15:17  Marine  
  50  15:18  Terran Vehicle Weapons Level 2  
  50  15:19  Marauder  
  50  15:20  Terran Vehicle And Ship Armor Level 2  
  53  15:22  Widow Mine x2  
  57  15:40  Refinery  
  57  15:49  Thor  
  63  16:06  Refinery, Marine x2  
  57  16:32  Siege Tank  
  40  17:10  Marine x3  
  40  17:11  Marine  
  44  17:28  Marine  
  37  18:12  Marine x2  
  39  18:13  Marauder  
  39  18:14  Marauder  
  33  18:42  Marauder x2  
  33  18:43  Marine x2  
  39  18:56  Hellion  
  39  18:57  Hellion x2  
  39  19:01  Marine x2  
  43  19:18  Hellion x3  
Show
View Real Time Build Order
Export as new Build Order

Sebín Terran - Winner!

Build Orders: Liberator Opening 

Get SALT Encoding   

  12  0:07  SCV  
  13  0:19  Supply Depot  
  13  0:22  SCV  
  13  0:28  Refinery  
  14  0:34  SCV  
  15  0:44  Barracks  
  15  0:47  SCV  
  16  1:03  SCV  
  17  1:07  Supply Depot  
  17  1:17  SCV  
  18  1:31  Orbital Command  
  18  1:32  Marine  
  19  1:44  Factory  
  19  1:50  Marine  
  20  2:10  Refinery, Marine  
  21  2:24  Command Center  
  21  2:25  SCV  
  23  2:37  SCV, Starport  
  23  2:48  Barracks Reactor  
  23  2:49  SCV  
  24  2:52  Widow Mine  
  24  2:57  Liberator  
  28  3:26  Marine x2  
  30  3:35  Supply Depot  
  30  3:40  SCV  
  31  3:42  Factory Reactor  
  31  3:44  Marine  
  31  3:45  Marine  
  31  3:46  Orbital Command  
  33  4:02  Marine x2  
  34  4:06  SCV  
  36  4:10  Engineering Bay  
  36  4:20  Marine x2  
  36  4:21  Medivac  
  40  4:30  SCV x2  
  42  4:38  Terran Infantry Weapons Level 1  
  42  4:43  SCV  
  42  4:45  Marine x2  
  45  5:03  Marine  
  45  5:06  Liberator  
  43  5:16  SCV  
  43  5:18  Widow Mine x2  
  48  5:26  Refinery  
  51  5:36  Marine x2  
  51  5:39  SCV  
  51  5:40  SCV, Command Center  
  55  5:54  Marine x2  
  57  5:59  SCV  
  57  6:00  SCV  
  57  6:03  Refinery, Factory Tech Lab  
  59  6:11  SCV  
  59  6:12  SCV  
  51  6:37  Marine x2  
  51  6:39  Siege Tank  
  56  6:46  SCV  
  57  6:57  Terran Infantry Armor Level 1  
  57  6:58  Planetary Fortress  
  57  7:00  Barracks  
  57  7:01  Barracks x2  
  57  7:04  Medivac  
  57  7:06  SCV  
  57  7:07  SCV  
  64  7:25  Siege Tank  
  64  7:27  SCV  
  65  7:36  Missile Turret  
  65  7:39  SCV, Missile Turret  
  65  7:40  SCV  
  65  7:43  SCV  
  68  7:51  SCV, Marine x2  
  68  7:53  Barracks Reactor  
  68  7:55  Barracks Reactor  
  71  8:00  Command Center  
  71  8:09  Marine x2  
  62  8:21  Siege Tank  
  62  8:22  Barracks Reactor  
  62  8:25  Liberator x2  
  65  8:27  Marine  
  65  8:29  SCV x2  
  71  8:51  Marine x2  
  71  8:52  Marine  
  71  8:53  Siege Tank  
  77  9:17  Supply Depot  
  77  9:19  Supply Depot  
  77  9:38  Marine x4  
  77  9:39  SCV, Marine x3  
  77  9:40  Marine  
  77  9:41  Supply Depot  
  77  9:43  Siege Tank  
  89  9:51  SCV  
  90  9:56  Marine x4  
  94  10:03  SCV  
  94  10:15  SCV, Marine  
  94  10:16  Marine x3  
  99  10:24  Marine x4  
  103  10:35  Marine x3  
  104  10:36  Marine  
  108  10:42  SCV  
  108  10:44  SCV  
  109  10:50  Missile Turret  
  109  10:54  SCV  
  109  10:56  SCV  
  111  10:59  Marine x2  
  111  11:00  Marine x2  
  115  11:07  SCV  
  115  11:08  Barracks, SCV  
  115  11:10  Armory  
  117  11:12  Missile Turret  
  117  11:13  Missile Turret  
  117  11:19  SCV  
  117  11:20  SCV  
  117  11:21  Missile Turret  
  117  11:22  Missile Turret  
  117  11:23  Missile Turret  
  117  11:24  Missile Turret  
  119  11:28  Marine x3  
  119  11:29  Marine  
  119  11:31  SCV  
  124  11:32  Missile Turret  
  124  11:35  SCV  
  124  11:36  Missile Turret  
  121  11:43  Command Center  
  121  11:44  Marine x3  
  121  11:45  Marine  
  123  11:47  SCV  
  124  12:01  Missile Turret, Terran Infantry Weapons Level 2  
  124  12:03  Engineering Bay  
  124  12:12  Cloaking Field  
  124  12:24  Planetary Fortress  
  124  12:25  Supply Depot  
  124  12:33  Widow Mine x2  
  124  12:35  Banshee  
  122  12:37  Supply Depot  
  121  12:47  Missile Turret  
  121  12:49  Supply Depot  
  121  12:57  Planetary Fortress  
  121  13:10  Widow Mine x2  
  122  13:24  Marine  
  122  13:25  Marine x2  
  118  13:41  SCV  
  118  13:47  Liberator  
  114  13:53  Marine x2  
  116  13:58  Marine  
  116  13:59  Marine x5  
  122  14:07  Widow Mine  
  122  14:08  Widow Mine  
  129  14:11  Marine x2  
  131  14:30  Liberator  
  130  14:37  SCV  
  131  14:49  SCV  
  116  15:01  SCV  
  116  15:02  Refinery  
  116  15:13  SCV  
  117  15:16  SCV  
  117  15:20  Factory Tech Lab  
  118  15:25  SCV  
  119  15:28  SCV  
  119  15:29  Refinery  
  119  15:31  Refinery  
  120  15:40  SCV  
  121  15:52  SCV, Marine  
  121  15:53  Marine  
  120  16:05  SCV  
  121  16:16  Siege Tank  
  124  16:29  Barracks Tech Lab  
  124  16:30  Terran Infantry Weapons Level 3, Terran Infantry Armor Level 2  
  124  16:32  Marine x8  
  116  16:49  Marine  
  116  16:50  Marine x7  
  121  16:54  Siege Tank  
  124  17:07  Marine  
  124  17:08  Marine x7  
  127  17:15  Banshee  
  127  17:25  Marine  
  127  17:26  Siege Tank, Marine x7  
  120  17:43  Marine x7  
  120  17:44  Marine  
  127  18:01  Marine x7  
  127  18:02  Siege Tank  
  134  18:43  Marine x8  
  142  19:01  Marine x8  
  150  19:18  Marine  
  150  19:19  Marine x7  
  158  19:30  Orbital Command  
  158  19:35  Marauder  
  158  19:36  Marine  
  161  19:56  Marauder  
Tags
 
Add a new tag
Caveats
  • Supply blocks, unpowered buildings, or Contaminate may cause inaccurate times.
  • Supply counts are checked every 10 seconds.